MLB
ARIZONA DIAMONDBACKS @ LOS ANGELES DODGERS
09/20/2045
 
TOP OF THE 1ST
Arizona Diamondbacks batting - Pitching for Los Angeles Dodgers : RHP Adrian Serratos
Pitching: RHP Adrian Serratos
Batting: RHB Katilimomi Kelekolio 0-0: Ball
1-0: Called Strike
1-1: Foul Ball, location: 2F
1-2: Foul Ball, location: 2F
1-2: Ball
2-2: Foul Ball, location: 2F
2-2: Fly out, F8 (Flyball, 8LD, EV 91.9 MPH)
Batting: LHB Roy Steigerwald 0-0: Ball
1-0: Ball
2-0: Ball
3-0: Called Strike
3-1: Base on Balls
Batting: RHB David Price Jr. 0-0: Ball
1-0: Ball
2-0: Called Strike
2-1: Ball
3-1: Base on Balls
Roy Steigerwald to second
Batting: SHB Alec Thorpe 0-0: Ball
1-0: Ball
2-0: Foul Ball, location: 2F
2-1: Foul Ball, location: 2F
2-2: Ball
3-2: Fielders Choice at 2nd, 3-6 (Groundball, 34, EV 82.5 MPH)
Roy Steigerwald to third
Batting: LHB Eric Klasek 0-0: Fly out, F8 (Flyball, 78D, EV 90.6 MPH)
Top of the 1st over - 0 runs, 0 hits, 0 errors, 2 left on base; Arizona 0 - Los Angeles 0
BOTTOM OF THE 1ST
Los Angeles Dodgers batting - Pitching for Arizona Diamondbacks : RHP Marcus Wolfe
Pitching: RHP Marcus Wolfe
Batting: RHB Nate Taylor 0-0: SINGLE (Line Drive, 34, EV 107.5 MPH)
Batting: SHB Carlos Rodriguez 0-0: Called Strike
0-1: Ball
1-1: Ball
2-1: Foul Ball, location: 2F
2-2: Fly out, F4 (Popup, 4, EV 75.0 MPH)
Batting: LHB Lirak Bazhunaishvili 0-0: Called Strike
0-1: Ball
1-1: Ball
Nate Taylor steals 2nd base
2-1: 2-RUN HOME RUN (Flyball, 9D, EV 99.4 MPH), Distance : 380 ft
Batting: SHB Joel Baker 0-0: Ball
1-0: Ball
2-0: Ball
3-0: Fly out, F3 (Popup, 23F, EV 83.1 MPH)
Batting: RHB Danny Dyer 0-0: Called Strike
0-1: Fly out, F9 (Flyball, 89M, EV 91.9 MPH)
Bottom of the 1st over - 2 runs, 2 hits, 0 errors, 0 left on base; Arizona 0 - Los Angeles 2
TOP OF THE 2ND
Arizona Diamondbacks batting - Pitching for Los Angeles Dodgers : RHP Adrian Serratos
Batting: RHB Andy Swaim 0-0: Called Strike
0-1: Ball
1-1: Called Strike
1-2: Ball
2-2: Ball
3-2: Strikes out looking
Batting: SHB Perry Tuckfard 0-0: Ball
1-0: Ball
2-0: Ball
3-0: Base on Balls
Batting: SHB Andrew Wray II 0-0: Ball
1-0: Called Strike
1-1: Ball
2-1: Called Strike
2-2: Fielders Choice at 2nd, 3-6 (Groundball, 3, EV 83.8 MPH)
Batting: RHB Fabrice Bertin 0-0: Ball
Andrew Wray II steals 2nd base
1-0: Called Strike
1-1: Ground out 5-3 (Groundball, 56, EV 76.9 MPH)
Top of the 2nd over - 0 runs, 0 hits, 0 errors, 1 left on base; Arizona 0 - Los Angeles 2
BOTTOM OF THE 2ND
Los Angeles Dodgers batting - Pitching for Arizona Diamondbacks : RHP Marcus Wolfe
Batting: LHB Yasahiko Teshima 0-0: Called Strike
0-1: Swinging Strike
0-2: Strikes out swinging
Batting: RHB Ben Mischnick 0-0: Called Strike
0-1: Swinging Strike
0-2: Ball
1-2: Strikes out swinging
Batting: RHB Wing-kit Bu 0-0: Ball
1-0: Swinging Strike
1-1: Called Strike
1-2: Ball
2-2: Fly out, F8 (Flyball, 78D, EV 106.9 MPH)
Bottom of the 2nd over - 0 runs, 0 hits, 0 errors, 0 left on base; Arizona 0 - Los Angeles 2
TOP OF THE 3RD
Arizona Diamondbacks batting - Pitching for Los Angeles Dodgers : RHP Adrian Serratos
Batting: RHB Katilimomi Kelekolio 0-0: Ball
1-0: Foul Ball, location: 2F
1-1: Called Strike
1-2: DOUBLE (Line Drive, 89D, EV 103.8 MPH)
Pinch Runner at 2nd Warren Eisner:
Batting: LHB Roy Steigerwald 0-0: Swinging Strike
0-1: Ball
1-1: Ball
2-1: Foul Ball, location: 2F
2-2: Ball
3-2: 2-RUN HOME RUN (Flyball, 9D, EV 100.0 MPH), Distance : 410 ft
Batting: RHB David Price Jr. 0-0: Ball
1-0: Foul Ball, location: 2F
1-1: Ball
2-1: Foul Ball, location: 2F
2-2: Fly out, F1 (Line Drive, P, EV 71.9 MPH)
Batting: SHB Alec Thorpe 0-0: Ball
1-0: Swinging Strike
1-1: Foul Ball, location: 2F
1-2: Ball
2-2: Ball
3-2: Base on Balls
Batting: LHB Eric Klasek 0-0: Called Strike
0-1: Swinging Strike
0-2: Ball
1-2: Foul Ball, location: 2F
1-2: Ball
2-2: 2-RUN HOME RUN (Flyball, 7D, EV 98.1 MPH), Distance : 369 ft
Batting: RHB Andy Swaim 0-0: Called Strike
0-1: Foul Ball, location: 2F
0-2: Ball
1-2: Ball
2-2: Ball
3-2: Base on Balls
Batting: SHB Perry Tuckfard 0-0: Called Strike
0-1: Ball
1-1: Ball
2-1: Fly out, F3 (Popup, 3S, EV 76.2 MPH)
Batting: SHB Andrew Wray II 0-0: Ball
1-0: Called Strike
1-1: Ball
2-1: Called Strike
2-2: Foul Ball, location: 2F
2-2: SINGLE (Groundball, 6D, EV 95.6 MPH)
Andy Swaim to second
Batting: RHB Fabrice Bertin 0-0: Ground out 4-3 (Groundball, 4, EV 109.4 MPH)
Top of the 3rd over - 4 runs, 4 hits, 0 errors, 2 left on base; Arizona 4 - Los Angeles 2
BOTTOM OF THE 3RD
Los Angeles Dodgers batting - Pitching for Arizona Diamondbacks : RHP Marcus Wolfe
Now at 2B: Andy Swaim
Now at 3B: Warren Eisner
Batting: RHB Edwin Soto 0-0: Ball
1-0: Ball
2-0: Foul Ball, location: 2F
2-1: Foul Ball, location: 2F
2-2: SINGLE (Groundball, 56S, EV 68.8 MPH) (infield hit)
Batting: RHB Nate Taylor 0-0: Called Strike
0-1: Foul Ball, location: 2F
0-2: Strikes out swinging
Batting: SHB Carlos Rodriguez 0-0: Ball
1-0: Fly out, F4 (Popup, 4S, EV 78.8 MPH)
Batting: LHB Lirak Bazhunaishvili 0-0: Ball
1-0: Ball
2-0: Ball
3-0: Base on Balls
Edwin Soto to second
Batting: SHB Joel Baker 0-0: Ball
1-0: Foul Ball, location: 2F
1-1: Foul Ball, location: 2F
1-2: Foul Ball, location: 2F
1-2: Strikes out swinging
Bottom of the 3rd over - 0 runs, 1 hit, 0 errors, 2 left on base; Arizona 4 - Los Angeles 2
TOP OF THE 4TH
Arizona Diamondbacks batting - Pitching for Los Angeles Dodgers : RHP Adrian Serratos
Batting: SHB Warren Eisner 0-0: Called Strike
0-1: Ball
1-1: Ground out U3 (Groundball, 34S, EV 76.9 MPH)
Batting: LHB Roy Steigerwald 0-0: Swinging Strike
0-1: Swinging Strike
0-2: Strikes out looking
Batting: RHB David Price Jr. 0-0: Called Strike
0-1: Fly out, F7 (Flyball, 78D, EV 96.2 MPH)
Top of the 4th over - 0 runs, 0 hits, 0 errors, 0 left on base; Arizona 4 - Los Angeles 2
BOTTOM OF THE 4TH
Los Angeles Dodgers batting - Pitching for Arizona Diamondbacks : RHP Marcus Wolfe
Batting: RHB Danny Dyer 0-0: Called Strike
0-1: Ball
1-1: Foul Ball, location: 2F
1-2: Ball
2-2: Foul Ball, location: 2F
2-2: Ball
3-2: Foul Ball, location: 2F
3-2: Fly out, F9 (Flyball, 89M, EV 95.6 MPH)
Batting: LHB Yasahiko Teshima 0-0: Ball
1-0: Ball
2-0: Ball
3-0: Called Strike
3-1: Ground out 4-3 (Groundball, 4, EV 103.8 MPH)
Batting: RHB Ben Mischnick 0-0: Foul Ball, location: 2F
0-1: Called Strike
0-2: Strikes out swinging
Bottom of the 4th over - 0 runs, 0 hits, 0 errors, 0 left on base; Arizona 4 - Los Angeles 2
TOP OF THE 5TH
Arizona Diamondbacks batting - Pitching for Los Angeles Dodgers : RHP Adrian Serratos
Batting: SHB Alec Thorpe 0-0: SINGLE (Groundball, 56D, EV 109.4 MPH)
Batting: LHB Eric Klasek 0-0: Ball
1-0: SINGLE (Groundball, 4MD, EV 97.5 MPH)
Alec Thorpe to second
Batting: RHB Andy Swaim 0-0: SINGLE (Groundball, 4, EV 100.0 MPH)
Alec Thorpe to third
Eric Klasek to second
Runner from 3rd tries for Home, SAFE, throw by CF to home
Pitching: RHP Taylor Drews
Batting: SHB Perry Tuckfard 0-0: Ball
1-0: Foul Ball, location: 2F
1-1: Foul Ball, location: 2F
1-2: Foul Ball, location: 2F
1-2: Grounds out, U3 (Groundball, 3L, EV 88.1 MPH)
Eric Klasek to third
Batting: SHB Andrew Wray II 0-0: Foul Ball, location: 2F
0-1: Ball
1-1: Ball
2-1: Foul Ball, location: 2F
2-2: Foul Ball, location: 2F
2-2: Foul Ball, location: 2F
2-2: Ball
3-2: Base on Balls
Batting: RHB Fabrice Bertin 0-0: Ball
1-0: Ball
2-0: Foul Ball, location: 2F
2-1: Foul Ball, location: 2F
2-2: Ball
3-2: Base on Balls
Eric Klasek scores
Andy Swaim to third
Andrew Wray II to second
Batting: SHB Warren Eisner 0-0: Called Strike
0-1: Ball
1-1: Foul Ball, location: 2F
1-2: Strikes out looking
Batting: LHB Roy Steigerwald 0-0: Fly out, F9 (Flyball, 9D, EV 110.0 MPH)
Top of the 5th over - 2 runs, 3 hits, 0 errors, 3 left on base; Arizona 6 - Los Angeles 2
BOTTOM OF THE 5TH
Los Angeles Dodgers batting - Pitching for Arizona Diamondbacks : RHP Marcus Wolfe
Batting: RHB Wing-kit Bu 0-0: Ball
1-0: Foul Ball, location: 2F
1-1: Ball
2-1: Ball
3-1: Called Strike
3-2: Strikes out swinging
Batting: RHB Edwin Soto 0-0: Called Strike
0-1: Ball
1-1: Swinging Strike
1-2: Ball
2-2: Ball
3-2: Base on Balls
Batting: RHB Nate Taylor 0-0: Foul Ball, location: 2F
0-1: Swinging Strike
0-2: Ball
1-2: Strikes out looking
Batting: SHB Carlos Rodriguez 0-0: Called Strike
0-1: Foul Ball, location: 2F
0-2: Foul Ball, location: 2F
0-2: Ball
1-2: Ball
2-2: SINGLE (Groundball, 34D, EV 98.1 MPH)
Edwin Soto to second
Runner from 2nd tries for 3rd, SAFE, throw by RF made to third
Carlos Rodriguez to second
Batting: LHB Lirak Bazhunaishvili 0-0: Called Strike
0-1: Called Strike
0-2: Foul Ball, location: 2F
0-2: Strikes out swinging
Bottom of the 5th over - 0 runs, 1 hit, 0 errors, 2 left on base; Arizona 6 - Los Angeles 2
TOP OF THE 6TH
Arizona Diamondbacks batting - Pitching for Los Angeles Dodgers : RHP Taylor Drews
Batting: RHB David Price Jr. 0-0: Ball
1-0: Ball
2-0: Ball
3-0: Base on Balls
Batting: SHB Alec Thorpe 0-0: Ball
1-0: Ball
2-0: Called Strike
2-1: Foul Ball, location: 2F
2-2: Fielders Choice at 2nd, 4-6 (Groundball, 4, EV 80.6 MPH)
Batting: LHB Eric Klasek 0-0: Called Strike
0-1: Ball
1-1: Fly out, F8 (Flyball, 8RM, EV 83.1 MPH)
Batting: RHB Andy Swaim 0-0: Ball
Alec Thorpe steals 2nd base
1-0: Foul Ball, location: 2F
1-1: SINGLE (Groundball, 6M, EV 101.9 MPH) (infield hit)
Alec Thorpe to third
Batting: SHB Perry Tuckfard 0-0: Called Strike
0-1: Called Strike
0-2: Fly out, F5 (Popup, 5SF, EV 81.2 MPH)
Top of the 6th over - 0 runs, 1 hit, 0 errors, 2 left on base; Arizona 6 - Los Angeles 2
BOTTOM OF THE 6TH
Los Angeles Dodgers batting - Pitching for Arizona Diamondbacks : RHP Marcus Wolfe
Batting: SHB Joel Baker 0-0: SINGLE (Groundball, 34D, EV 101.9 MPH)
Batting: RHB Danny Dyer 0-0: Called Strike
0-1: Fly out, F9 (Line Drive, 9, EV 96.2 MPH)
Batting: LHB Yasahiko Teshima 0-0: Ball
1-0: Ball
2-0: Ball
Joel Baker steals 2nd base (no throw)
3-0: DOUBLE (Groundball, 3D, EV 104.4 MPH)
Joel Baker scores
Batting: RHB Ben Mischnick 0-0: SINGLE (Line Drive, 4D, EV 100.0 MPH)
Yasahiko Teshima to third
Batting: RHB Wing-kit Bu 0-0: Swinging Strike
0-1: Ball
1-1: Ball
2-1: 3-RUN HOME RUN (Flyball, 7D, EV 95.0 MPH), Distance : 369 ft
Pitching: LHP Mario Valdivia
Batting: RHB Edwin Soto 0-0: Called Strike
0-1: Ground out 5-3 (Groundball, 5L, EV 104.4 MPH)
Batting: RHB Nate Taylor 0-0: Called Strike
0-1: Ball
1-1: Ball
2-1: Ball
3-1: Foul Ball, location: 2F
3-2: Strikes out swinging
Bottom of the 6th over - 4 runs, 4 hits, 0 errors, 0 left on base; Arizona 6 - Los Angeles 6
TOP OF THE 7TH
Arizona Diamondbacks batting - Pitching for Los Angeles Dodgers : RHP Taylor Drews
Pitching: RHP Chut-sai Teoh
Batting: SHB Andrew Wray II 0-0: Called Strike
0-1: Ball
1-1: Ball
2-1: Called Strike
2-2: Strikes out swinging
Batting: RHB Fabrice Bertin 0-0: Ground out 5-3 (Groundball, 56S, EV 82.5 MPH)
Batting: SHB Warren Eisner 0-0: Called Strike
0-1: Ground out 5-3 (Groundball, 56, EV 96.2 MPH)
Top of the 7th over - 0 runs, 0 hits, 0 errors, 0 left on base; Arizona 6 - Los Angeles 6
BOTTOM OF THE 7TH
Los Angeles Dodgers batting - Pitching for Arizona Diamondbacks : LHP Mario Valdivia
Batting: SHB Carlos Rodriguez 0-0: Swinging Strike
0-1: Ball
1-1: Fly out, F4 (Flyball, 4D, EV 91.2 MPH)
Batting: LHB Lirak Bazhunaishvili 0-0: Ball
1-0: Called Strike
1-1: Ball
2-1: Fly out, F8 (Flyball, 8LM, EV 95.0 MPH)
Batting: SHB Joel Baker 0-0: Swinging Strike
0-1: Ball
1-1: Swinging Strike
1-2: Strikes out swinging
Bottom of the 7th over - 0 runs, 0 hits, 0 errors, 0 left on base; Arizona 6 - Los Angeles 6
TOP OF THE 8TH
Arizona Diamondbacks batting - Pitching for Los Angeles Dodgers : RHP Chut-sai Teoh
Batting: LHB Roy Steigerwald 0-0: Fly out, F5 (Popup, 5DF, EV 68.8 MPH)
Batting: RHB David Price Jr. 0-0: Swinging Strike
0-1: Called Strike
0-2: Ball
1-2: Ball
2-2: Ball
3-2: Fly out, F6 (Popup, 6S, EV 83.1 MPH)
Batting: SHB Alec Thorpe 0-0: Called Strike
0-1: Swinging Strike
0-2: Foul Ball, location: 2F
0-2: Ball
1-2: SINGLE (Line Drive, 7LS, EV 103.1 MPH)
Batting: LHB Eric Klasek 0-0: Called Strike
Alec Thorpe steals 2nd base
0-1: Swinging Strike
0-2: Ball
1-2: Strikes out looking
Top of the 8th over - 0 runs, 1 hit, 0 errors, 1 left on base; Arizona 6 - Los Angeles 6
BOTTOM OF THE 8TH
Los Angeles Dodgers batting - Pitching for Arizona Diamondbacks : LHP Mario Valdivia
Batting: RHB Danny Dyer 0-0: Ground out 5-3 (Groundball, 56, EV 90.0 MPH)
Pinch Hitting: RHB Tsutomu Irie 0-0: Swinging Strike
0-1: Ball
1-1: Swinging Strike
1-2: Strikes out looking
Batting: RHB Ben Mischnick 0-0: Foul Ball, location: 2F
0-1: Ball
1-1: Ball
2-1: Ball
3-1: Base on Balls
Batting: RHB Wing-kit Bu 0-0: Ground out 1-3 (Groundball, 13, EV 70.6 MPH)
Bottom of the 8th over - 0 runs, 0 hits, 0 errors, 1 left on base; Arizona 6 - Los Angeles 6
TOP OF THE 9TH
Arizona Diamondbacks batting - Pitching for Los Angeles Dodgers : RHP Chut-sai Teoh
Now at 1B: Edwin Soto
Now at 2B: Tsutomu Irie
Batting: RHB Andy Swaim 0-0: Swinging Strike
0-1: Ball
1-1: Foul Ball, location: 2F
1-2: Ball
2-2: Ground out 4-3 (Groundball, 4, EV 86.9 MPH)
Batting: SHB Perry Tuckfard 0-0: Ball
1-0: Ball
2-0: Called Strike
2-1: Called Strike
2-2: Strikes out swinging
Batting: SHB Andrew Wray II 0-0: Foul Ball, location: 2F
0-1: Fly out, F9 (Flyball, 89S, EV 88.1 MPH)
Top of the 9th over - 0 runs, 0 hits, 0 errors, 0 left on base; Arizona 6 - Los Angeles 6
BOTTOM OF THE 9TH
Los Angeles Dodgers batting - Pitching for Arizona Diamondbacks : LHP Mario Valdivia
Pitching: RHP Willie Nieto
Pinch Hitting: LHB Chris Ringwood 0-0: Ball
1-0: Foul Ball, location: 2F
1-1: Called Strike
1-2: Ball
2-2: Ball
3-2: Ground out 4-3 (Groundball, 34, EV 107.5 MPH)
Batting: RHB Nate Taylor 0-0: Called Strike
0-1: Called Strike
0-2: Ball
1-2: Ground out 6-3 (Groundball, 6S, EV 71.9 MPH)
Pitching: RHP André Gaillard
Batting: SHB Carlos Rodriguez 0-0: Called Strike
0-1: Called Strike
0-2: Strikes out swinging
Bottom of the 9th over - 0 runs, 0 hits, 0 errors, 0 left on base; Arizona 6 - Los Angeles 6
TOP OF THE 10TH
Arizona Diamondbacks batting - Pitching for Los Angeles Dodgers : RHP Chut-sai Teoh
Pitching: RHP Michael Walsh
Now at 1B: John Manocchio
Pinch Hitting: SHB Aldo Questi 0-0: Ball
1-0: Ball
2-0: Ball
3-0: Called Strike
3-1: Base on Balls
Batting: SHB Warren Eisner 0-0: Ball
1-0: Bunted foul
1-1: Ball
2-1: Reached on error, E3 (Groundball, 23, EV 43.8 MPH)
Aldo Questi to second
Batting: LHB Roy Steigerwald 0-0: Ball
Aldo Questi steals 3rd base
1-0: Swinging Strike
1-1: Ball
2-1: Foul Ball, location: 2F
2-2: DOUBLE (Groundball, 5L, EV 107.5 MPH)
Aldo Questi scores
Warren Eisner to third
Runner from 3rd tries for Home, SAFE, throw by LF to home
Batting: RHB David Price Jr. 0-0: Ball
1-0: Swinging Strike
1-1: Swinging Strike
1-2: Foul Ball, location: 2F
1-2: Ground out 6-3 (Groundball, 56D, EV 94.4 MPH)
Batting: SHB Alec Thorpe 0-0: Called Strike
0-1: Called Strike
0-2: Ball
1-2: Foul Ball, location: 2F
1-2: Foul Ball, location: 2F
1-2: Ground out 6-3 (Groundball, 6M, EV 105.6 MPH)
Roy Steigerwald to third
Batting: LHB Eric Klasek 0-0: Foul Ball, location: 2F
0-1: Foul Ball, location: 2F
0-2: Strikes out swinging
Top of the 10th over - 2 runs, 1 hit, 1 error, 1 left on base; Arizona 8 - Los Angeles 6
BOTTOM OF THE 10TH
Los Angeles Dodgers batting - Pitching for Arizona Diamondbacks : RHP André Gaillard
Now at 1B: Aldo Questi
Batting: LHB Lirak Bazhunaishvili 0-0: Ball
1-0: Foul Ball, location: 2F
1-1: Foul Ball, location: 2F
1-2: Ball
2-2: Ball
3-2: Foul Ball, location: 2F
3-2: SINGLE (Groundball, 23, EV 68.8 MPH) (infield hit)
Batting: SHB Joel Baker 0-0: Called Strike
0-1: Ball
1-1: DOUBLE (Groundball, 3D, EV 104.4 MPH)
Lirak Bazhunaishvili to third
Batting: RHB Danny Dyer 0-0: Ball
1-0: Called Strike
1-1: Ball
2-1: Foul Ball, location: 2F
2-2: Ball
3-2: Strikes out swinging
Batting: RHB Tsutomu Irie 0-0: Swinging Strike
0-1: Swinging Strike
0-2: Ball
1-2: Ball
2-2: Ball
3-2: Strikes out swinging
Batting: RHB Ben Mischnick 0-0: Called Strike
0-1: Swinging Strike
0-2: Ball
1-2: Ball
2-2: Strikes out swinging
Bottom of the 10th over - 0 runs, 2 hits, 0 errors, 2 left on base; Arizona 8 - Los Angeles 6
Wednesday, June 22nd , 2022 - OOTP Baseball 23.4 Build 64